 Dungeon Crawl Stone Soup version 0.26-a0-1191-ge2a0e31ab3 (webtiles) character file.

Game seed: 12435694313159016807

2231 Mesmaeker13 the Thaumaturge (level 9, -2/57 HPs)
             Began as a Mummy Necromancer on Dec 28, 2020.
             Killed from afar by a wretched star (11 damage)
             ... with a lance of force
             ... on level 2 of the Abyss.
             The game lasted 00:12:07 (6599 turns).

Mesmaeker13 the Thaumaturge (Mummy Necromancer)     Turns: 6599, Time: 00:12:08

Health: -2/57      AC:  9    Str: 11 (12) XL:     9   Next: 14%
Magic:  21/21      EV: 14    Int: 22 (23) God:
Gold:   572        SH:  0    Dex: 12      Spells: 17/25 levels left

rFire    x . .     SeeInvis .   o - +0 war axe (elec)
rCold    + . .     Faith    .   (no shield)
rNeg     + + +     Spirit   .   k - +3 leather armour {Will+}
rPois    ∞         Reflect  .   g - +2 helmet
rElec    .         Harm     .   (no cloak)
rCorr    .         Rampage  .   (no gloves)
Will     ++...                  (no boots)
Stlth    +.........             b - amulet of magic regeneration
HPRegen  0.19/turn              (no ring)
MPRegen  0.42/turn              l - +6 ring of intelligence

@: no status effects
A: no potions, fire vulnerability, cold resistance 1, negative energy resistance
3, torment resistance, unbreathing
a: no special abilities


You were on level 2 of the Abyss.
You visited 2 branches of the dungeon, and saw 8 of its levels.
You visited the Abyss 1 time.
You also visited: Sewer.

You collected 572 gold pieces.

Inventory:

Hand Weapons
 o - a +0 war axe of electrocution (weapon)
Missiles
 s - 2 silver javelins (quivered)
Armour
 g - a +2 helmet (worn)
 j - a +1 ring mail of fire resistance
 k - a +3 leather armour of willpower (worn)
 r - the cursed +0 ring mail of Golden Wonder {rC+, unknown}
   (You found it on level 5 of the Dungeon)

   It protects you from cold.
   It has a curse placed upon it.
Jewellery
 b - an amulet of magic regeneration (around neck)
 l - a +6 ring of intelligence (right hand)
Wands
 a - a wand of flame (22)
 u - a wand of digging (7)
Scrolls
 c - 4 scrolls of magic mapping
 d - a scroll of fog {unknown}
 e - a scroll of blinking {unknown}
 f - 3 scrolls of remove curse
 h - 3 scrolls of enchant armour
 i - 2 scrolls of teleportation {unknown}
 m - a scroll of enchant weapon {unknown}
 n - 2 scrolls of random uselessness {unknown}
 p - a scroll of fear {unknown}
 q - a scroll of immolation {unknown}
Miscellaneous
 t - a condenser vane


   Skills:
 + Level 6.1 Dodging
 - Level 1.5 Stealth
 + Level 8.8 Spellcasting
 + Level 8.1 Necromancy


You had 17 spell levels left.
You knew the following spells:

 Your Spells              Type           Power        Failure   Level
a - Pain                  Necr           100%         1%          1
b - Animate Dead          Necr           22%          3%          4
c - Vampiric Draining     Necr           22%          1%          3

Your spell library contained the following spells:

 Spells                   Type           Power        Failure   Level
 Animate Skeleton         Necr           90%          1%          1
 Agony                    Necr           45%          9%          5


Dungeon Overview and Level Annotations

Branches:
Dungeon (7/15)             Temple (1/1) D:5           Sewer (visited)

Altars:
Ashenzari
Dithmenos
Elyvilon
Fedhas
Gozag
Hepliaklqana
Kikubaaqudgha
Makhleb
Nemelex Xobeh
Okawaru
Qazlal
Ru
Sif Muna
Uskayaw
Vehumet
Wu Jian
Xom
Yredelemnul
The Shining One
Lugonu

Shops:
D:6 ?

Annotations:
D:3 3 runed translucent doors, melvinkitnick's ghost, weakling TrTm


Innate Abilities, Weirdness & Mutations

You do not drink.
Your flesh is vulnerable to fire.
You are immune to poison.
Your flesh is cold resistant. (rC+)
You are immune to negative energy. (rN+++)
You are immune to unholy pain and torment.
You can survive without breathing.


Message History

The wretched star glows turbulently.
The lance of force hits you!!
You are knocked back by the lance of force.
You slam into the stone wall!
The wretched star glows turbulently.
The lance of force hits you!!
* * * LOW HITPOINT WARNING * * *
You are knocked back by the lance of force.
You slam into the crystal wall!
You can't drink.
Unknown command.
Evoke which item? (* to show all) (? for menu, Esc to quit)
Aiming: Dig
Press: ? - help, Shift-Dir - straight line A translucent rock wall.
The rock shatters into small pieces.
There is a gateway leading out of the Abyss here.
The wretched star glows turbulently.
The lance of force hits you!
You die...

....#... .##....#....
#.# #.#...#....#..# #
...###.#.##.#.......#
. ##.#.....#.*. ...#
##.. .
#.......#..#.># .##.
.#. ..*##### .##. ..#
...#.####.#####....
... # #.. ##.#..##§#
. . ..#...##.@.#.#
...#... #...#.##..###
.. # ....#.#.#####
### .##...#..(..# #
#.......##..# #
...#...#....#.. #
..##............ .
..... #...## . . .
###. # .


You could see a wretched star.

Vanquished Creatures
  Prince Ribbit (D:6)
  Eustachio (D:5)
  A water moccasin (Sewer)
  2 ice beasts (D:6)
  An orc warrior (D:7)
  3 ogres
  A necrophage (D:5)
  2 centaurs
  2 scorpions
  A centaur zombie (D:6)
  3 orc priests
  A centaur skeleton (D:6)
  A hound (D:6)
  3 orc wizards
  A bullfrog skeleton (D:4)
  4 iguanas
  5 worker ants
  A hound zombie (D:6)
  A howler monkey zombie (D:5)
  4 river rats (D:5)
  15 adders
  2 shadow imps (D:5)
  2 white imps
  An ooze (D:4)
  2 adder skeletons
  2 worms (D:5)
  12 dart slugs
  5 leopard geckos
  12 orcs
  2 ball pythons
  17 bats
  6 giant cockroaches
  8 goblins
  8 hobgoblins
  14 jackals
  3 quokkas
  3 frilled lizards
  9 kobolds
  A leopard gecko skeleton (D:4)
  A quokka skeleton (D:4)
  14 rats
178 creatures vanquished.

Vanquished Creatures (others)
  10 withered plants (D:4)
10 creatures vanquished.

Grand Total: 188 creatures vanquished

Notes
Turn   | Place    | Note
-------+----------+-------------------------------------------
     0 | D:1      | Mesmaeker13 the Mummy Necromancer began the quest for the
                  | Orb.
     0 | D:1      | Reached XP level 1. HP: 13/13 MP: 4/4
   171 | D:1      | Reached XP level 2. HP: 19/19 MP: 4/6
   611 | D:1      | Reached XP level 3. HP: 24/24 MP: 4/7
  1286 | D:2      | Reached XP level 4. HP: 27/30 MP: 6/9
  1413 | D:2      | Found a burning altar of Makhleb.
  1495 | D:2      | Found a sacrificial altar of Ru.
  1834 | D:3      | Found a basalt altar of Yredelemnul.
  1840 | D:3      | Found a glowing golden altar of the Shining One.
  2213 | D:3      | Reached XP level 5. HP: 35/35 MP: 9/11
  2575 | D:3      | Reached skill level 5 in Necromancy
  2778 | D:3      | Learned a level 4 spell: Animate Dead
  2807 | D:3      | Learned a level 3 spell: Vampiric Draining
  2903 | D:3      | Found a runed translucent gate.
  2904 | D:3      | Found a runed translucent gate.
  2905 | D:3      | Found a runed translucent gate.
  2906 | D:3      | Noticed melvinkitnick's ghost (weakling TrTm)
  2941 | D:3      | Noticed an ogre
  2947 | D:3      | Killed an ogre
  2948 | D:3      | Reached skill level 5 in Spellcasting
  2948 | D:3      | Reached XP level 6. HP: 41/41 MP: 6/13
  3052 | D:3      | Found an ornate altar of the Wu Jian Council.
  3052 | D:3      | Found an iron altar of Okawaru.
  3298 | D:3      | Noticed an angel
  3382 | D:4      | Found an opulent altar of Gozag.
  3754 | D:4      | Reached XP level 7. HP: 46/46 MP: 10/15
  3811 | D:4      | Found an ancient bone altar of Kikubaaqudgha.
  4070 | D:5      | Entered Level 5 of the Dungeon
  4432 | D:5      | Got a crude ring mail
  4451 | D:5      | Found a staircase to the Ecumenical Temple.
  4509 | D:5      | Noticed Eustachio
  4525 | D:5      | Killed Eustachio
  4526 | D:5      | Reached XP level 8. HP: 49/52 MP: 14/18
  4590 | D:5      | Found a glowing drain.
  4597 | Sewer    | Entered a sewer
  4947 | D:5      | Reached skill level 5 in Dodging
  5289 | Temple   | Entered the Ecumenical Temple
  5861 | D:6      | Noticed Prince Ribbit
  5882 | D:6      | Killed Prince Ribbit
  5984 | D:6      | Reached XP level 9. HP: 44/57 MP: 15/21
  6054 | D:6      | Found a radiant altar of Vehumet.
  6188 | D:6      | Found a shimmering blue altar of Sif Muna.
  6257 | D:6      | Found Biakuogh's Magic Scroll Emporium.
  6359 | D:7      | Found a blossoming altar of Fedhas.
  6525 | D:7      | Cast into level 1 of the Abyss (orc)
  6587 | Abyss:2  | Noticed a wretched star
  6599 | Abyss:2  | Killed from afar by a wretched star

Illustrated notes

Levels and vault maps discovered:
D:1:      dpeg_arrival_stonehenge_12_columns, layout_basic
D:2:      layout_rooms, bloody_makhleb, grunt_decor_arrowhead,
          chequers_serial_rivers_micro_d, minmay_misc_feat_enclosed,
          nicolae_ru_the_path_less_chosen
D:3:      layout_loops_corners, grunt_temple_overflow_holy_war,
          gammafunk_temple_overflow_elements, gammafunk_ghost_necromancy,
          minmay_quantized
D:4:      kennysheep_slugbush, layout_rooms, kiku_gazebo_garden_becter,
          grunt_gozag_breadcrumbs
D:5:      layout_loops_ring, temple_green, lightli_sewer_entry_pipes,
          uniq_eustachio
D:6:      layout_basic, kennysheep_mini_moat, kennysheep_mini, serial_shops,
          nicolae_shop_statue_plus, kennysheep_generic_room_13,
          uniq_prince_ribbit1
D:7:      layout_loops_corners, grunt_temple_overflow_open, serial_shops,
          nicolae_shop_crystal, uniq_harold, uniq_maggie
Temple:   kb_corrupted_temple
Abyss:2:  base: D:7, evilmike_abyss_exit_glass

Skill      XL: |  1  2  3  4  5  6  7  8  9 |
---------------+----------------------------+-----
Spellcasting   | 3 4 5 6 8 |  8.8
Dodging        | 2 3 4 5 6 |  6.1
Necromancy     | 5 6 7 8 |  8.1
Stealth        | |  1.5

Action                   |  1- 3 |  4- 6 |  7- 9 || total
-------------------------+-------+-------+-------++-------
Melee: Spear             |       |    20 |       ||    20
       War axe           |       |    18 |    68 ||    86
Throw: Javelin           |       |       |     1 ||     1
 Cast: Pain              |    98 |   149 |   166 ||   413
       Animate Dead      |       |       |     2 ||     2
       Vampiric Draining |       |       |    10 ||    10
Evoke: Wand              |       |       |     1 ||     1
  Use: Scroll            |       |     4 |     2 ||     6
Armor: Robe              |    17 |     4 |       ||    21
       Leather armour    |       |    30 |    49 ||    79
Dodge: Dodged            |    41 |    46 |   118 ||   205

Table legend: (Time is in decaauts)
 A = Elapsed time spent in this place.
 B = Non-inter-level travel time spent in this place.
 C = Inter-level travel time spent in this place.
 D = Time resting spent in this place.
 E = Time spent auto-exploring this place.
 F = Levels seen in this place.
 G = Mean time per level.
                   A        B        C        D        E       F      G
               +--------+--------+--------+--------+--------+-----+--------+
         Total |   6691 |   6365 |    326 |    939 |   3967 |  11 |  608.3 |
       Dungeon |   6378 |   6069 |    309 |    927 |   3783 |   7 |  911.1 |
        Temple |    100 |     83 |     17 |      0 |     82 |   1 |  100.0 |
         Abyss |     73 |     73 |      0 |      0 |      0 |   2 |   36.5 |
         Sewer |    138 |    138 |      0 |     12 |    102 |   1 |  138.0 |
               +--------+--------+--------+--------+--------+-----+--------+

Top non-repeatable levels by time:
     D:3: 1378 daAuts
     D:1: 1224 daAuts
     D:5: 1174 daAuts
     D:6: 890 daAuts
     D:2: 754 daAuts
     D:4: 744 daAuts
     D:7: 212 daAuts
   Sewer: 138 daAuts
  Temple: 100 daAuts
 Abyss:2: 48 daAuts
 Abyss:1: 24 daAuts
